 Dungeon Sprint DCSS version 0.19.1-1-g22dce08 (webtiles) character file.

13563 Groucho the Imperceptible (level 11, 62/62 HPs)
             Began as a Felid Berserker on Jan 10, 2017.
             Was the Champion of Trog.
             Got out of the dungeon alive.
             The game lasted 00:18:54 (5349 turns).

Groucho the Imperceptible (Felid Berserker)         Turns: 5349, Time: 00:18:54

Health: 62/62      AC:  3    Str: 13    XL:     11   Next: 77%
Magic:  10/10      EV: 36    Int:  8    God:    Trog [******]
Gold:   3519       SH:  0    Dex: 21    Spells: 0 memorised, 10 levels left
                                        Lives:  0   Deaths: 2

rFire  + . .     SeeInvis +       - Unarmed
rCold  + . .     Gourm    .     (armour unavailable)
rNeg   . . .     Faith    .     (shield unavailable)
rPois  +         Spirit   .     (helmet unavailable)
rElec  .         Reflect  .     (cloak unavailable)
rCorr  .         Harm     .     (gloves unavailable)
MR     +....     NoTele   +     (boots unavailable)
Stlth  +++++++++.               (no amulet)
                                n - ring of poison resistance
                                t - ring of protection from fire

@: quick
A: no armour, no weapons or thrown items, stealth, claws 1, fangs 3, see
invisible, carnivore 3, speed 1, low mp 1, shaggy fur 3, slow metabolism 1,
MP-powered wands, sharp paws
a: Berserk, Trog's Hand, Brothers in Arms, Burn Spellbooks, Renounce Religion


You escaped.
You worshipped Trog.
Trog was exalted by your worship.
You were not hungry.

You visited 1 branch You collected 4678 gold pieces.
You spent 1159 gold pieces at shops.

Inventory:

Jewellery
 a - a +1 ring of protection {unknown}
 k - an uncursed ring of flight
 n - a ring of poison resistance (right paw)
 o - an uncursed ring of protection from fire
 q - an uncursed ring of stealth {unknown}
 t - a ring of protection from fire (left paw)
Wands
 i - a wand of flame (15/48)
 l - a wand of paralysis (5/24)
Scrolls
 d - a scroll of vulnerability {unknown}
 g - 2 scrolls of fear {unknown}
 j - a scroll of remove curse {unknown}
 m - 2 scrolls of identify
 p - a scroll of holy word {unknown}
 r - 2 scrolls of magic mapping {unknown}
Potions
 c - a potion of brilliance {unknown}
 e - 2 potions of magic
 f - a potion of berserk rage
 h - 2 potions of resistance {unknown}
 u - 2 potions of haste
 v - a potion of agility {unknown}
 x - a potion of heal wounds
Books
 s - a book of Beasts

   Spells                             Type                      Level
   a - Summon Butterflies             Summoning                    1
   b - Call Canine Familiar           Summoning                    3
   c - Summon Ice Beast               Ice/Summoning                4
   d - Summon Mana Viper              Hexes/Summoning              5
   e - Summon Hydra                   Summoning                    7
   Trog disapproves of the use of such an item.
 w - a book of Changes

   Spells                             Type                      Level
   a - Beastly Appendage              Transmutation                1
   b - Sticks to Snakes               Transmutation                2
   c - Spider Form                    Transmutation/Poison         3
   d - Ice Form                       Ice/Transmutation            4
   e - Blade Hands                    Transmutation                5
   Trog disapproves of the use of such an item.
Comestibles
 b - a slice of pizza


   Skills:
 + Level 15.7 Fighting
 + Level 19.5 Dodging
 - Level 21.4 Stealth
 * Level 20.9 Unarmed Combat


You had 10 spell levels left.
You didn't know any spells.

Dungeon Overview and Level Annotations

Branches:
Dungeon (1/1)

Altars:
Cheibriados
Dithmenos
Elyvilon
Fedhas
Gozag
Hepliaklqana
Kikubaaqudgha
Makhleb
Nemelex Xobeh
Okawaru
Qazlal
Ru
Sif Muna
Trog
Uskayaw
Vehumet
Xom
Yredelemnul
Zin
The Shining One
Jiyva
Lugonu

Shops:
D ===[([%%:?**:!%*(}[[(!

Annotations:
D Lom Lobon, Tiamat


Innate Abilities, Weirdness & Mutations

You cannot wear armour.
You are incapable of wielding weapons or throwing items.
Your paws allow you to move quietly. (Stealth)
You have sharp claws.
You have razor-sharp teeth.
You have supernaturally acute eyesight. (SInv)
You are carnivorous and can eat meat at any time.
You cover ground quickly.
Your thick and shaggy fur keeps you warm. (AC +3, rC+)
You have a slow metabolism.
Your sharp claws are effective at attacking unaware monsters.
Your magical capacity is low. (-10% MP)
You expend magic power (3 MP) to strengthen your wands.


Message History

There is an open door here.
There is an open door here.
There is an open door here.
There is an open door here.
Things that are here:
19 arrows; a shortbow You enter the shallow water.
Moving in this stuff is going to be slow.
There is an open door here.
You see here 23 stones.
There is an open door here.
There is an open door here.
Things that are here:
a robe; a scythe
There is an open door here.
There is an open door here.
There is an open door here.
There is a staircase leading out of the dungeon here.
Are you sure you want to leave the Dungeon?
This will make you lose the game!
You have escaped!

##################
#@.#..').#.['..#__
#..'..#..'..#..'..
#..#####+#####'#__
#..####..#...#(###
#.[#__####..##.#≈§
#..#_____##'#..'≈≈
#⌠⌠#_.∩...'..._#§§
####_..__##_.#'##§
#_____###'#)#.(


There were no monsters in sight!

Vanquished Creatures
  the Lernaean hydra (D)
  A golden dragon (D)
  A deep elf master archer (D)
  2 fire giants (D)
  A lorocyproca (D)
  A mummy priest (D)
  A hydra (D)
  2 centaur warriors (D)
  Sonja (D)
  7 unseen horrors (D)
  A lindwurm (D)
  2 oklob plants (D)
  A shining eye (D)
  2 sirens (D)
  2 gargoyles (D)
  2 kobold demonologists (D)
  A hellwing (D)
  A hornet (D)
  A slime creature (D)
  Sigmund (D)
  A yak (D)
  2 redbacks (D)
  11 hogs (D)
  3 floating eyes (D)
  3 necrophages (D)
  An ogre (D)
  8 jellies (D)
  Ijyb (D)
62 creatures vanquished.

Vanquished Creatures (collateral kills)
  A shadow dragon (D)
  2 fire giants (D)
  A deep elf annihilator (D)
  A deep troll (D)
  7 shining eyes (D)
  4 demonic crawlers (D)
  2 hornets (D)
  2 hogs (D)
  4 floating eyes (D)
  4 necrophages (D)
28 creatures vanquished.

Vanquished Creatures (others)
  2 hornets (D)
  A block of ice (D)
3 creatures vanquished.

Grand Total: 93 creatures vanquished

Notes
Turn   | Place    | Note
-------+----------+-------------------------------------------
     0 | D        | Groucho the Felid Berserker began the quest for the Orb.
     0 | D        | Reached XP level 1. HP: 10/10 MP: 2/2
     2 | D        | Noticed Ijyb
    10 | D        | Killed Ijyb
    10 | D        | Reached skill level 8 in Stealth
    10 | D        | Reached XP level 2. HP: 14/14 MP: 3/3
    84 | D        | Noticed an ogre
    90 | D        | Killed an ogre
    90 | D        | Reached skill level 12 in Stealth
    90 | D        | Reached XP level 3. HP: 16/17 MP: 4/4
    90 | D        | Reached XP level 4. HP: 19/21 MP: 5/5
   280 | D        | Noticed Sigmund
   282 | D        | Killed Sigmund
   282 | D        | Reached ** piety under Trog
   282 | D        | Reached skill level 16 in Stealth
   282 | D        | Reached XP level 5. HP: 24/24 MP: 6/6
   282 | D        | Gained mutation: You are covered in thick fur. (AC +2) [Felid growth]
   282 | D        | Reached XP level 6. HP: 28/28 MP: 7/7
   298 | D        | Found a burning altar of Makhleb.
   298 | D        | Found a viscous altar of Jiyva.
   298 | D        | Found a shimmering altar of Xom.
   298 | D        | Found a corrupted altar of Lugonu.
   298 | D        | Noticed a slime creature
   301 | D        | Killed a slime creature
   301 | D        | Reached skill level 18 in Stealth
   305 | D        | Found a deep blue altar of Sif Muna.
   307 | D        | Found a radiant altar of Vehumet.
   344 | D        | Found Toutisis's Armour Emporium.
   344 | D        | Found an ancient bone altar of Kikubaaqudgha.
   344 | D        | Found a hazy altar of Hepliaklqana.
   344 | D        | Found a stormy altar of Qazlal.
   344 | D        | Found a hide-covered altar of Uskayaw.
   344 | D        | Found a blossoming altar of Fedhas.
   344 | D        | Found a bloodstained altar of Trog.
   344 | D        | Found an iron altar of Okawaru.
   344 | D        | Found a basalt altar of Yredelemnul.
   344 | D        | Found a glowing golden altar of the Shining One.
   344 | D        | Found a snail-covered altar of Cheibriados.
   344 | D        | Found a sacrificial altar of Ru.
   344 | D        | Found a glowing silver altar of Zin.
   344 | D        | Found a shadowy altar of Dithmenos.
   344 | D        | Found a white marble altar of Elyvilon.
   344 | D        | Noticed a yak
   345 | D        | Found an opulent altar of Gozag.
   346 | D        | Killed a yak
   346 | D        | Reached *** piety under Trog
   346 | D        | Reached skill level 5 in Dodging
   346 | D        | Reached skill level 5 in Unarmed Combat
   346 | D        | Reached XP level 7. HP: 32/32 MP: 8/8
   347 | D        | Found a sparkling altar of Nemelex Xobeh.
   397 | D        | Noticed a centaur warrior
   397 | D        | Noticed a centaur warrior
   398 | D        | Killed a centaur warrior
   398 | D        | Reached skill level 5 in Fighting
   398 | D        | Reached skill level 19 in Stealth
   398 | D        | Reached XP level 8. HP: 38/38 MP: 9/9
   399 | D        | Killed a centaur warrior
   399 | D        | Reached skill level 20 in Stealth
   415 | D        | Noticed a hornet
   418 | D        | Killed a hornet
   418 | D        | Reached skill level 10 in Unarmed Combat
   418 | D        | Reached XP level 9. HP: 43/43 MP: 10/10
   430 | D        | Noticed an oklob plant
   432 | D        | Killed an oklob plant
   432 | D        | Reached **** piety under Trog
   432 | D        | Reached skill level 10 in Dodging
   461 | D        | Noticed an unseen horror
   461 | D        | Noticed an unseen horror
   467 | D        | Killed an unseen horror
   467 | D        | Reached ***** piety under Trog
   469 | D        | Killed an unseen horror
   474 | D        | Reached XP level 10. HP: 49/49 MP: 11/11
   495 | D        | Reached skill level 21 in Stealth
   698 | D        | Reached ****** piety under Trog
  1090 | D        | Found Yfioxt's Food Shoppe.
  1090 | D        | Found Mearoni's Food Shop.
  1090 | D        | Found Jafy's Book Boutique.
  1092 | D        | Found Tekk's Magic Scroll Emporium.
  1092 | D        | Found Moshap's General Store.
  1092 | D        | Found Fos Quag's Assorted Antiques.
  1092 | D        | Found Dianisish's Book Boutique.
  1092 | D        | Found Itounire's Distillery.
  1092 | D        | Found Usisimai's Food Shop.
  1092 | D        | Found Deshouza's General Store.
  1094 | D        | Found Loan's Antique Weapon Boutique.
  1095 | D        | Found Asut's Antique Armour Emporium.
  1095 | D        | Found Epir's Gadget Boutique.
  1100 | D        | Found Not Vynosi's Weapon Emporium.
  1117 | D        | Bought an uncursed ring of flight for 210 gold pieces
  1127 | D        | Bought an ivory wand for 108 gold pieces
  1129 | D        | Bought a scroll of identify for 26 gold pieces
  1173 | D        | Noticed a deep troll
  1207 | D        | Killed a deep troll
  1268 | D        | Found Mathe's Armour Emporium.
  1401 | D        | Noticed Sonja
  1404 | D        | Killed Sonja
  1420 | D        | Found Kiug's Jewellery Boutique.
  1435 | D        | Noticed a shining eye
  1435 | D        | Noticed a shining eye
  1435 | D        | Noticed a shining eye
  1435 | D        | Noticed a shining eye
  1435 | D        | Noticed a shining eye
  1435 | D        | Noticed a shining eye
  1437 | D        | Killed a shining eye
  1437 | D        | Reached skill level 10 in Fighting
  1437 | D        | Paralysed by a floating eye for 4 turns
  1437 | D        | Gained mutation: Your magical capacity is low. (-10% MP) [a shining eye]
  1438 | D        | Killed a shining eye
  1439 | D        | Gained mutation: You expend magic power (3 MP) to strengthen your wands. [a shining eye]
  1440 | D        | Killed a shining eye
  1440 | D        | Killed a shining eye
  1441 | D        | Killed a shining eye
  1443 | D        | Noticed a shining eye
  1444 | D        | Killed a shining eye
  1446 | D        | Killed a shining eye
  1449 | D        | Noticed a shining eye
  1455 | D        | Killed a shining eye
  1459 | D        | Found Kyox's Antique Weapon Shop.
  1459 | D        | Found Xiwniddau's Jewellery Shoppe.
  1459 | D        | Found Desykuk's Armour Boutique.
  1459 | D        | Found Xiere's Jewellery Emporium.
  1478 | D        | Bought an uncursed ring of poison resistance for 240 gold pieces
  1480 | D        | Bought an uncursed ring of protection from fire for 250 gold pieces
  1528 | D        | Reached XP level 11. HP: 54/54 MP: 10/10
  1544 | D        | Reached skill level 15 in Unarmed Combat
  1646 | D        | Noticed a lorocyproca
  1663 | D        | Killed a lorocyproca
  2204 | D        | Noticed a lindwurm
  2212 | D        | Killed a lindwurm
  2556 | D        | Reached skill level 15 in Dodging
  2716 | D        | Noticed a 12-headed hydra
  2718 | D        | Killed a 12-headed hydra
  2788 | D        | Noticed a shadow dragon
  2789 | D        | Noticed a golden dragon
  2806 | D        | Killed a shadow dragon
  3290 | D        | Killed a golden dragon
  3290 | D        | Gained mutation: Your thick and shaggy fur keeps you warm. (AC +3, rC+) [Felid growth]
  3290 | D        | Reached XP level 12. HP: 62/62 MP: 11/11
  3355 | D        | Found Era Zotimo's Distillery.
  3374 | D        | Bought a potion of haste for 130 gold pieces
  3374 | D        | Bought a potion of flight for 39 gold pieces
  3374 | D        | Bought a potion of might for 52 gold pieces
  3374 | D        | Bought a potion of invisibility for 104 gold pieces
  3404 | D        | Noticed a deep elf annihilator
  3408 | D        | Noticed a mummy priest
  3416 | D        | Killed a deep elf annihilator
  3735 | D        | Killed a mummy priest
  3801 | D        | Noticed the 27-headed Lernaean hydra
  3805 | D        | Killed the 27-headed Lernaean hydra
  3853 | D        | Noticed a deep elf master archer
  3856 | D        | Killed a deep elf master archer
  3867 | D        | Noticed Lom Lobon
  3881 | D        | Killed from afar by Lom Lobon
  3882 | D        | Reached XP level 11. HP: -54/60 MP: 10/10
  3902 | D        | Engulfed by Lom Lobon's freezing vapour
  3903 | D        | Reached XP level 10. HP: 2/57 MP: 10/10
  5009 | D        | Noticed a daeva
  5013 | D        | Noticed an unseen horror
  5013 | D        | Noticed an unseen horror
  5013 | D        | Noticed an unseen horror
  5013 | D        | Noticed an unseen horror
  5017 | D        | Killed an unseen horror
  5018 | D        | Noticed an unseen horror
  5019 | D        | Killed an unseen horror
  5019 | D        | Reached XP level 11. HP: 60/60 MP: 10/10
  5021 | D        | Killed an unseen horror
  5021 | D        | Reached skill level 15 in Fighting
  5023 | D        | Killed an unseen horror
  5025 | D        | Killed an unseen horror
  5040 | D        | Noticed a fire giant
  5042 | D        | Noticed a fire giant
  5057 | D        | Killed a fire giant
  5058 | D        | Noticed a fire giant
  5062 | D        | Killed a fire giant
  5069 | D        | Noticed a fire giant
  5071 | D        | Killed a fire giant
  5073 | D        | Killed a fire giant
  5163 | D        | Noticed Tiamat
  5349 | D        | Got out of the dungeon alive.

Skill      XL: |  1  2  3  4  5  6  7  8  9 10 11 12 |
---------------+-------------------------------------+-----
Stealth        | 8 12 16 18 19 20 21 | 21.4
Fighting       | 4 5 7 8 10 15 14 | 15.7
Dodging        | 5 7 9 11 13 19 18 | 19.5
Unarmed Combat | 5 8 10 12 20 18 19 | 20.9

Action                   |  1- 3 |  4- 6 |  7- 9 | 10-12 || total
-------------------------+-------+-------+-------+-------++-------
Melee: Unarmed           |     8 |     4 |    10 |   143 ||   165
       Bite              |     1 |       |       |    18 ||    19
       Punch             |       |       |       |    11 ||    11
Invok: Berserk           |     2 |       |       |    10 ||    12
       Brothers in Arms  |       |       |       |    15 ||    15
       Trog's Hand       |       |       |       |     8 ||     8
 Abil: Evoke Flight      |       |       |       |     4 ||     4
  Use: Scroll            |       |       |     1 |       ||     1
       Potion            |       |       |       |     9 ||     9
 Stab: Sleeping          |     1 |     4 |    10 |    18 ||    33
       Invisible         |       |       |       |     2 ||     2
  Eat: Chunk             |     1 |       |     7 |    13 ||    21
       Beef jerky        |       |       |       |     1 ||     1
       Meat ration       |       |       |       |     1 ||     1
Armor: Skin              |       |       |       |     3 ||     3
Dodge: Dodged            |     3 |       |       |   123 ||   126
